Workbook
Name ___nit1: #REF!
Name __nit1: #REF!
Name _nit1: #REF!
Name A_impresión_IM: #REF!
Name aaa: MATCH(0.01,End_Bal,-1)+1
Name aaa: MATCH(0.01,End_Bal,-1)+1
Name agencias: [1]Listas!$U$2:$U$10
Name avvillas: #REF!
Name BANCOS: [2]BANCOS!$A$2:$A$25
Name Beg_Bal: #REF!
Name cartera: #REF!
Name clientes: #REF!
Name Data: #REF!
Name depositos: #REF!
Name DINERS: #REF!
Name End_Bal: #REF!
Name Extra_Pay: #REF!
Name FECHA: #REF!
Name Full_Print: #REF!
Name Header_Row: ROW(#REF!)
Name Int: #REF!
Name Interest_Rate: #REF!
Name ITEM: #REF!
Name Last_Row: IF([3]COOADAMS!Values_Entered,Header_Row+[3]COOADAMS!Number_of_Payments,Header_Row)
Name Last_Row: IF([3]COOADAMS!Values_Entered,Header_Row+[3]COOADAMS!Number_of_Payments,Header_Row)
Name Loan_Amount: #REF!
Name Loan_Start: #REF!
Name Loan_Years: #REF!
Name MONITOR: #REF!
Name MONITOR_AVVILLAS: #REF!
Name Net_Income: #REF!
Name NetIncomeGrowth: #REF!
Name nits: #REF!
Name NombreRango1: #REF!
Name Num_Pmt_Per_Year: #REF!
Name Number_of_Payments: MATCH(0.01,End_Bal,-1)+1
Name Number_of_Payments: MATCH(0.01,End_Bal,-1)+1
Name Other_Growth: #REF!
Name Pay_Date: #REF!
Name Pay_Num: #REF!
Name Payment_Date: DATE(YEAR(Loan_Start),MONTH(Loan_Start)+Payment_Number,DAY(Loan_Start))
Name Payment_Date: DATE(YEAR(Loan_Start),MONTH(Loan_Start)+Payment_Number,DAY(Loan_Start))
Name Princ: #REF!
Name Print_Area_Reset: OFFSET(Full_Print,0,0,'riesgo inherente-Anexo '!Last_Row)
Name Print_Area_Reset: OFFSET(Full_Print,0,0,Last_Row)
Name Rand1: #REF!
Name Rand2: #REF!
Name RangoBeneficiosNetos: [4]DatosResumen!$B$9:$B$19,[4]DatosResumen!$D$9:$D$19
Name Retail_Growth: #REF!
Name Revenue: #REF!
Name RevenueGrowth: #REF!
Name Sched_Pay: #REF!
Name Scheduled_Extra_Payments: #REF!
Name Scheduled_Interest_Rate: #REF!
Name Scheduled_Monthly_Payment: #REF!
Name sdfda: Scheduled_Payment+Extra_Payment
Name sdfda: Scheduled_Payment+Extra_Payment
Name seg: #REF!
Name TABLA: #REF!
Name tablasJG: #REF!

Sheet RIESGO INHERENTE 
A1: Año 2022 | B1: IDENTIFICACION DEL RIESGO | D1: EVALUACION DEL RIESGO INHERENTE | G1: EVALUACION DE LOS CONTROLES EXISTENTES | L1: RIESGO RESIDUAL | O1: TRATAMIENTO DEL RIESGO | R1: SEGUIMIENTO
A2: RIESGO | B2: Que puede suceder | C2: Por qué puede suceder | D2: Probabilidad (Improbable: 1, Raro: 2, Potencial: 3, Probable: 4, Casi Certeza: 5) | E2: Impacto: Insignificante: 1 Menor: 2 Moderado: 3 Mayor: 4 Catastrófico: 5 | F2: RIESGO INHERENTE | G2: Descripción del Control Existente | H2: Responsable de la ejecución del Control | I2: Frecuencia de la aplicación del Control (permanente, periódica, esporádica, anual, única) | J2: Tipo de Control (Detectivo / Preventivo) | K2: Efectividad (Alta, Media, Baja) | L2: Reducción de la Probabilidad (1, 2, 3, 4, 5) donde 1 casi no la reduce y 5 la reduce al maximo | M2: Reducción del Impacto (1, 2, 3, 4, 5) donde 1 casi no reduce el impacto y 5 lo reduce al máximo | N2: RIESGO RESIDUAL | O2: Descripcion del Control Requerido | P2: Responsable del Diseño e implementación | Q2: Prioridad (Alta, Media, Baja) | R2: Responsable del Seguimiento | S2: Fecha de Seguimiento | T2: Estado de implementación (Planeación, Diseño, Prueba, Implementación, Funcionamiento)
A3: Cambiario | B3: El valor de las inversiones en monera extranjera se reduce | C3: Una caída del precio del dólar | D3: 1 | E3: 1 | F3: =VLOOKUP(D3*E3,'riesgo inherente-Anexo '!$C$4:$D$28,2,TRUE) -> Bajo | G3: La entidad no efectúa inversiones, ni contrata derivados, ni efectua operaciones activas o pasivas en moneda extranjera porque riñe con lo establecido en el articulo 10 de la ley 79 de 1988 y con los articulos 49 y 50 de la ley 454 de 1998 | H3: Gerencia | I3: Permanente | J3: Preventivo | K3: Alta | L3: 5 | M3: 5 | N3: =VLOOKUP((D3*E3)-(L3*M3),'riesgo inherente-Anexo '!C2:D28,2,TRUE) -> Bajo | O3: No requiere | P3: Gerencia | Q3: Baja | R3: Persona encargada de riesgos | S3: 44896 | T3: Funcionamiento
A4: Cambiario | B4: El valor de las obligaciones financieras en moneda extranjera se incrementa | C4: Un incremento en el precio del dólar | D4: 1 | E4: 1 | F4: =VLOOKUP(D4*E4,'riesgo inherente-Anexo '!$C$4:$D$28,2,TRUE) -> Bajo | G4: La entidad no contrata obligaciones financieras en moneda extranjera | H4: Gerencia | I4: Permanente | J4: Preventivo | K4: Alta | L4: 5 | M4: 5 | N4: =VLOOKUP((D4*E4)-(L4*M4),'riesgo inherente-Anexo '!C2:D28,2,TRUE) -> Bajo | O4: No requiere | P4: Gerencia | Q4: Baja | R4: Persona encargada de riesgos | S4: 44896 | T4: Funcionamiento
A5: Tasa de Interes | B5: El costo financiero del apalancamiento se incrementa | C5: Incremento de las tasas pasivas de referencia del mercado | D5: 5 | E5: 3 | F5: =VLOOKUP(D5*E5,'riesgo inherente-Anexo '!$C$4:$D$28,2,TRUE) -> Alto | G5: 1. Las tasas pasivas de los ahorros son Competitivas frente al mercado y no se pactan indexadas y por lo tanto menos sensibles a flucturaciones de la tasa de mercado y menos volátiles los depósitos. 2. El margen financiero es suficientemente amplio para asumir un incremento de la tasa ponderada del apalancamiento sin generar pérdidas netas. 3. La mayor parte del activo financiero a tasa fija se financia con fuentes NO sensibles a los cambios de las tasas: capital institucional, fondos sociales y mutuales, ahorros a la vista, contractuales o permanentes y aportes sociales 4. Las tasas de los CDAT son fijas y se mantienen en el tiempo y la tasa de renovación es >90% | H5: Gerencia | I5: Permanente | J5: Preventivo | K5: Alta | L5: 5 | M5: 4 | N5: =VLOOKUP((D5*E5)-(L5*M5),'riesgo inherente-Anexo '!C2:D28,2,TRUE) -> Bajo | O5: El valor del recaudo de la cartera a corto plazo debe ser igual o superior al valor de los pasivos sensibles a la tasa de interés: obligaciones financieras, CDAT | P5: Gerencia | Q5: Media | R5: Persona encargada de riesgos | S5: 44896 | T5: Funcionamiento
A6: Tasa de Interes | B6: Disminuye la rentabilidad ponderada del activo | C6: Disminución de la participación de cartera por baja demanda de crédito y prepagos de obligaciones debido a menores tasas activas del mercado y fuerte competencia especialmente en libranza | D6: 3 | E6: 3 | F6: =VLOOKUP(D6*E6,'riesgo inherente-Anexo '!$C$4:$D$28,2,TRUE) -> Moderado | G6: 1. La Cooperativa efectúa campañas de colocación de cartera cuando se presentan excedentes de tesorería. 2. Se revisan por lo menos una vez al año las tasas de interés de cartera para ajustarlas a las condiciones del mercado. 3. Los excesos de tesorería se mantienen en fiducias o inversiones de renta fija de corto plazo de baja volatilidad, alta liquidez, no especulativas. 4. La mayor cantidad de los recursos (75-80%) se destina a operaciones de crédito con asociados | H6: Gerencia | I6: Esporádico | J6: Detectivo | K6: Media | L6: 3 | M6: 5 | N6: =VLOOKUP((D6*E6)-(L6*M6),'riesgo inherente-Anexo '!C2:D28,2,TRUE) -> Bajo | O6: Sguimiento mensual a la tasa ponderada de rentabilidad de la cartera y participación de la cartera en el total del activo (objetivo 75-80%) | P6: Gerencia | Q6: Alta | R6: Persona encargada de riesgos | S6: 44896 | T6: Funcionamiento
A7: Tasa de Interes | B7: El valor de los rendimientos financieros se disminuye | C7: Disminución de las tasas de interés del mercado | D7: 1 | E7: 1 | F7: =VLOOKUP(D7*E7,'riesgo inherente-Anexo '!$C$4:$D$28,2,TRUE) -> Bajo | G7: 1. Las inversiones en Titulos de Renta Fija (CDT, Bonos) no deben sobrepasar el 5% del total del activo ni esta invertidos a plazos superiores a 6 meses. | H7: Gerencia | I7: Permanente | J7: Preventivo | K7: Alta | L7: 1 | M7: 5 | N7: =VLOOKUP((D7*E7)-(L7*M7),'riesgo inherente-Anexo '!C2:D28,2,TRUE) -> Bajo | O7: Mantener una participación de cartera entre 75- 80% del activo | P7: Gerencia | Q7: Alta | R7: Persona encargada de riesgos | S7: 44896 | T7: Funcionamiento
A8: Mercado | B8: Desvalorizaciones de las inversiones en Fondos de Inversión Colectiva | C8: Incremento de las tasas de interés del mercado o desvalorización de los valores de mercado de las inversiones que conforman los portafolios | D8: 3 | E8: 1 | F8: =VLOOKUP(D8*E8,'riesgo inherente-Anexo '!$C$4:$D$28,2,TRUE) -> Bajo | G8: 1. No se tienen FIC 2. La apertura de nuevas cuentas o inversiones las debe autorizar el Consejo | H8: Gerencia | I8: Permanente | J8: Preventivo | K8: Alta | L8: 1 | M8: 5 | N8: =VLOOKUP((D8*E8)-(L8*M8),'riesgo inherente-Anexo '!C2:D28,2,TRUE) -> Bajo | O8: Mantener una participación de cartera entre 75- 80% del activo | P8: Gerencia | Q8: Baja | R8: Persona encargada de riesgos | S8: 44896 | T8: Funcionamiento
A9: Mercado | B9: Pérdida en la venta de inversiones de deuda | C9: Las necesidades de liquidez obligan a vender anticipadamente las inversiones en un momento en el cual las tasas van al alza | D9: 5 | E9: 5 | F9: =VLOOKUP(D9*E9,'riesgo inherente-Anexo '!$C$4:$D$28,2,TRUE) -> Crítico | G9: 1. La entidad tiene cupos contingentes de credito bancario por valor superior al de sus inversiones de deuda a plazo para obtener liquidez a corto plazo 2. En el SARL se mide el riesgo de liquidez con el IRL y la brecha de liquidez a fín de anticipar pósibles descalces de liquidez y evitar la venta de activos a descuentos inusuales | H9: Gerencia | I9: Permanente | J9: Preventivo | K9: Alta | L9: 5 | M9: 3 | N9: =VLOOKUP((D9*E9)-(L9*M9),'riesgo inherente-Anexo '!C2:D28,2,TRUE) -> Moderado | O9: Mantener inversiones de deuda a plazos iguales o inferiores a 180 días y cupos de crédito bancario contingentes disponible por minimo 5% del activo | P9: Gerencia | Q9: Alta | R9: Persona encargada de riesgos | S9: 44896 | T9: Funcionamiento
A10: Mercado | B10: Desvalorización de inversiones participativas medidas a valor razonable | C10: El valor de mercado de las inversiones participativas (acciones) se disminuye por factores de mercado | D10: 1 | E10: 1 | F10: =VLOOKUP(D10*E10,'riesgo inherente-Anexo '!$C$4:$D$28,2,TRUE) -> Bajo | G10: 1. La entidad no efectúa inversiones porque riñe con lo establecido en el articulo 10 de la ley 79 de 1988 y con los articulos 49 y 50 de la ley 454 de 1998 2. Solo se tienen inveresiones de patrimonio a costo historico relacionadas con la integración cooperativa | H10: Gerencia | I10: Permanente | J10: Preventivo | K10: Baja | L10: 5 | M10: 5 | N10: =VLOOKUP((D10*E10)-(L10*M10),'riesgo inherente-Anexo '!C2:D28,2,TRUE) -> Bajo | O10: No efectuar inversiones de patrimonio diferentes a las señaladas en el articulo 10 de la ley 79 de 1988 y 50 de la ley 454 de 1998 y en todo caso deben estas inversiones participativas ser inferiores al 5% del activo | P10: Consejo | Q10: Baja | R10: Persona encargada de riesgos | S10: 44896 | T10: Funcionamiento
A11: Mercado | B11: Desvalorización de inversiones en subsidiarias | C11: El valor del patrimonio de la subsidiaria se reduce | D11: 1 | E11: 1 | F11: =VLOOKUP(D11*E11,'riesgo inherente-Anexo '!$C$4:$D$28,2,TRUE) -> Bajo | G11: La entidad no efectúa inversiones porque riñe con lo establecido en el articulo 10 de la ley 79 de 1988 y con los articulos 49 y 50 de la ley 454 de 1998 | H11: Gerencia | I11: Permanente | J11: Preventivo | K11: Alta | L11: 5 | M11: 5 | N11: =VLOOKUP((D11*E11)-(L11*M11),'riesgo inherente-Anexo '!$C$2:$D$28,2,TRUE) -> Bajo | O11: No efectuar inversiones de patrimonio diferentes a las señaladas en el articulo 10 de la ley 79 de 1988 y 50 de la ley 454 de 1998 y en todo caso deben estas inversiones participativas ser inferiores al 5% del activo | P11: Consejo | Q11: Baja | R11: Persona encargada de riesgos | S11: 44896 | T11: Funcionamiento
A12: Mercado | B12: Deterioro de otras inversiones de patrimonio medidas al costo | C12: Perdidas recurrentes o iliquidez, impiden que la organización continúe como negocio en marcha, es intervenida, se acoge a acuerdos de reestructuración de deuda o entra en cesación de pagos | D12: 2 | E12: 1 | F12: =VLOOKUP(D12*E12,'riesgo inherente-Anexo '!$C$4:$D$28,2,TRUE) -> Bajo | G12: Solo son entidades de representacion gremial de baja participación en el activo / No se van ha efectuar capitalizaciones extraordinarias | H12: Gerencia | I12: Permanente | J12: Preventivo | K12: Alta | L12: 1 | M12: 5 | N12: =VLOOKUP((D12*E12)-(L12*M12),'riesgo inherente-Anexo '!$C$2:$D$28,2,TRUE) -> Bajo | O12: No se requiere | P12: Consejo | Q12: Baja | R12: Persona encargada de riesgos | S12: 44896 | T12: Funcionamiento

Sheet riesgo inherente-Anexo 
A1: Proabilidad | B1: Severidad | C1: SCORE | D1: Riesgo Inherente | F1: Riesgo Inherente | G1: Frecuencia Control | H1: Tipo de Control | I1: Efectividad | J1: Estado Implementación
A2: 0 | B2: 0 | C2: -999 | D2: Bajo | F2: Bajo | G2: Permanente | H2: Detectivo | I2: Alta | J2: Planeación
A3: 0 | B3: 1 | C3: 0 | D3: Bajo | F3: Moderado | G3: Periódico | H3: Preventivo | I3: Media | J3: Diseño
A4: 1 | B4: 1 | C4: =+A4*B4 -> 1 | D4: Bajo | F4: Alto | G4: Esporádico | I4: Baja | J4: Pruebas
A5: 1 | B5: 2 | C5: =+A5*B5 -> 2 | D5: Bajo | F5: Crítico | G5: Anual | J5: Implementación
A6: 2 | B6: 1 | C6: =+A6*B6 -> 2 | D6: Bajo | G6: Unica | J6: Funcionamiento
A7: 1 | B7: 3 | C7: =+A7*B7 -> 3 | D7: Bajo
A8: 3 | B8: 1 | C8: =+A8*B8 -> 3 | D8: Bajo
A9: 1 | B9: 4 | C9: =+A9*B9 -> 4 | D9: Bajo
A10: 2 | B10: 2 | C10: =+A10*B10 -> 4 | D10: Bajo
A11: 4 | B11: 1 | C11: =+A11*B11 -> 4 | D11: Bajo
A12: 1 | B12: 5 | C12: =+A12*B12 -> 5 | D12: Bajo
A13: 5 | B13: 1 | C13: =+A13*B13 -> 5 | D13: Bajo
A14: 2 | B14: 3 | C14: =+A14*B14 -> 6 | D14: Moderado
A15: 3 | B15: 2 | C15: =+A15*B15 -> 6 | D15: Moderado
A16: 2 | B16: 4 | C16: =+A16*B16 -> 8 | D16: Moderado
A17: 4 | B17: 2 | C17: =+A17*B17 -> 8 | D17: Moderado
A18: 3 | B18: 3 | C18: =+A18*B18 -> 9 | D18: Moderado
... A28: 5 | B28: 5 | C28: =+A28*B28 -> 25 | D28: Crítico

Sheet Codificacion
B2: PROBABILIDAD | E2: IMPACTO | F2: SMLMV
A3: 1 | B3: 1. Improbable | E3: 1. Insignificante | F3: Hasta 10
A4: 2 | B4: 2. Raro | E4: 2. Menor | F4: >10-30
A5: 3 | B5: 3. Potencia | E5: 3. Moderado | F5: >30-100
A6: 4 | B6: 4. Probable | E6: 4. Mayor | F6: >100-300
A7: 5 | B7: 5. Casi Certeza | E7: 5. Catastrófico | F7: >300
